 Dungeon Crawl Stone Soup version 0.18-a0-884-gb6cfd45 (webtiles) character file.

32 Jmtri7 the Sneak (level 3, -1/31 HPs)
             Began as a Naga Enchanter on Dec 23, 2015.
             Was an Initiate of Okawaru.
             Slain by an ooze (2 damage)
             ... on level 2 of the Dungeon.
             The game lasted 00:15:17 (1752 turns).

Jmtri7 the Sneak (Naga Enchanter)                   Turns: 1752, Time: 00:15:17

Health: -1/31      AC:  3    Str: 10    XL:     3   Next: 25%
Magic:  6/6        EV: 10    Int: 15    God:    Okawaru [......]
Gold:   143        SH:  0    Dex: 12    Spells: 1 memorised, 5 levels left

rFire  . . .     SeeInvis +     o - -3 short sword (curse)
rCold  . . .     Gourm    .     b - +1 robe
rNeg   . . .     Faith    .     (no shield)
rPois  +         Spirit   .     (no helmet)
rElec  .         Dismiss  .     (no cloak)
rCorr  .         Reflect  .     (no gloves)
SustAt .         Harm     .     (no barding)
MR     .....                    (no amulet)
Stlth  +++.......               (no ring)
                                (no ring)

@: very slightly contaminated, very slow, not resistant to hostile enchantments,
fairly stealthy
A: see invisible, deformed body, poison resistance, slowness 2, slow metabolism
1, spit poison 2, AC +1
a: Spit Poison, Renounce Religion


You were on level 2 of the Dungeon.
You worshipped Okawaru.
Okawaru was noncommittal.
You were near starving.

You visited 1 branch of the dungeon, and saw 2 of its levels.

You collected 143 gold pieces.

Inventory:

Hand Weapons
 a - a +1 dagger
 f - a +0 spear
 o - a cursed -3 short sword (weapon)
Armour
 b - a +1 robe (worn)
 e - a +1 ring mail of magic resistance
Scrolls
 h - a scroll of recharging
 l - 2 scrolls of amnesia
Potions
 i - a potion of magic
 k - a potion of haste {unknown}
 m - a potion of brilliance {unknown}
 n - a potion of curing
Books
 c - a book of Maledictions

   Spells                             Type                      Level
   a - Corona                         Hexes                        1
   b - Ensorcelled Hibernation        Hexes/Ice                    2
   c - Confuse                        Hexes                        3
   d - Tukima's Dance                 Hexes                        3
   e - Dazzling Spray                 Conjuration/Hexes            3
Comestibles
 d - a bread ration
 j - a beef jerky


   Skills:
 + Level 1.0 Fighting
 + Level 1.6 Short Blades
 - Level 1.5 Dodging
 + Level 5.7 Stealth
 - Level 2.0 Spellcasting
 - Level 3.0 Hexes


You had 5 spell levels left.
You knew the following spells:

 Your Spells              Type           Power        Failure   Level  Hunger
a - Corona                Hex            ##.....      8%          1    #......


Dungeon Overview and Level Annotations

Branches:
Dungeon (2/15)

Altars:
Okawaru


Innate Abilities, Weirdness & Mutations

You cannot wear boots.
Your serpentine skin is tough (AC +1).
You have supernaturally acute eyesight.
Armour fits poorly on your strangely shaped body.
Your system is resistant to poisons.
You cover ground very slowly.
You have a slow metabolism.
You can spit poison.


Message History

The ooze hits you.
* * * LOW HITPOINT WARNING * * *
The adder barely misses you.
You hit the adder but do no damage.
The adder is lightly wounded.
The adder bites you.
* * * LOW HITPOINT WARNING * * *
The ooze hits you but does no damage. The adder bites you but does no damage.
You hit the adder.
The adder is moderately wounded.
The ooze closely misses you. The adder closely misses you.
The ooze hits you but does no damage.
You hit the adder but do no damage.
The adder is moderately wounded.
The adder bites you but does no damage. The ooze closely misses you.
The adder closely misses you.
You closely miss the adder.
The adder is moderately wounded.
The adder barely misses you. The ooze hits you.
You die...

....### ### PPP....##
#.. ♣≈P≈.≈..## #..
≈≈≈PP≈P..# #..
≈♣≈♣≈PP≈.# #..
PP♣♣≈≈≈P≈g#####. #..
PPP♣♣≈≈≈PJ...... #..
#######PP♣ ♣≈≈P@S..#
#..
##...#PPPP♣≈≈≈PPP####
#####..
#..P≈P≈≈≈♣≈≈P.P..#
.......
..P.P≈≈≈♣P.≈≈#...# .
####..
..P≈≈♣≈PPPP###...#..
.. ###
.≈≈PPPPPP###........
.. #### #.
..≈P.P...###.#.....#
. r#....#.
.P.P.##..........# .#
......#.
....#######...####
#.# ........


You could see an ooze, an adder and a goblin.

Vanquished Creatures
  A ball python (D:1)
  4 hobgoblins
  A quokka (D:2)
  8 bats
  A giant cockroach (D:1)
  2 giant newts (D:2)
  5 goblins
  5 kobolds
  5 rats
32 creatures vanquished.

Notes
Turn   | Place    | Note
--------------------------------------------------------------
     0 | D:1      | Jmtri7 the Naga Enchanter began the quest for the Orb.
     0 | D:1      | Reached XP level 1. HP: 15/15 MP: 3/3
   394 | D:1      | Reached XP level 2. HP: 24/24 MP: 5/5
   416 | D:1      | Reached skill level 5 in Stealth
   572 | D:1      | Found an iron altar of Okawaru.
   576 | D:1      | Became a worshipper of Warmaster Okawaru
  1088 | D:2      | Reached XP level 3. HP: 27/30 MP: 6/6
  1165 | D:2      | Reached skill level 1 in Fighting
  1748 | D:2      | HP: 1/31 [ooze (3)]
  1752 | D:2      | Slain by an ooze

Vault maps used:
D:1:      lightli_arrival_flooded_house, okawaru_ov_weapons_minmay
D:2:      serial_bayou, serial_bayou_ford_a, serial_bayou_pond_a,
          serial_bayou_lagoon_a, serial_bayou_pond_d

Action                   || total
-------------------------++-------
Melee: Dagger            ||   126
       Spear             ||     4
       Short sword       ||    19
 Cast: Corona            ||     1
  Use: Scroll            ||     6
       Potion            ||     2
 Stab: Sleeping          ||     6
